 Dungeon Sprint DCSS version 0.31-a0-142-g31f6795574 (webtiles) character file.

Game seed: 12210413683894115781

1938 rocky1 the Martial Artist (level 8, -4/74 HPs)
             Began as a Red Draconian Transmuter on June 4, 2023.
             Was a Priest of Sif Muna.
             Slain by an orc knight
             ... wielding a +1 war axe
              (10 damage)
             ... in the Dungeon (Sprint III: "The Ten Rune Challenge").
             The game lasted 00:08:14 (2626 turns).

rocky1 the Martial Artist (DrTm)                    Turns: 2626, Time: 00:08:15

Health: -4/74      AC:  7    Str: 12    XL:     8   Next: 97%
Magic:  14/19      EV: 11    Int: 15    God:    Sif Muna [***...]
Gold:   50         SH:  0    Dex: 13    Spells: 15/22 levels left

rFire   x .          .
                       - Unarmed
rCold   + + +        (shield currently unavailable)
rNeg    . . .        (body armour unavailable)
rPois   +            (helmet currently unavailable)
rElec   .            i - melded +0 cloak
rCorr   .            (gloves currently unavailable)
SInv    .            (boots currently unavailable)
Will    .....        (no amulet)
Stlth   +++          (no ring)
HPRegen 0.32/turn    (no ring)
MPRegen 0.16/turn

%: no teleportation
@: ice-form, wereblooded
A: freezing attack, amphibious, boosted hp, (breathe fire), AC +6, large,
unfitting armour, (fire resistance 1), (cold-blooded)
a: End Transformation, Renounce Religion, Channel Magic, Forget Spell


You were in the Dungeon.
You worshipped Sif Muna.
Sif Muna was most pleased with you.
You were a creature of crystalline ice.
You visited 1 branch You collected 50 gold pieces.

Inventory:

Armour
 i - a +0 cloak (melded)
 n - a +0 pair of boots
Scrolls
 k - 2 scrolls of poison {unknown}
 l - 3 scrolls of identify
Potions
 a - a potion of lignification
 b - 2 potions of curing
 e - 2 potions of magic
 f - a potion of berserk rage
 h - 4 potions of enlightenment
 j - 4 potions of mutation {unknown}
 m - a potion of might
Miscellaneous
 o - a condenser vane


   Skills:
 + Level 2.5 Fighting
 + Level 4.6 Dodging
 + Level 4.1 Stealth
 * Level 14.4 Unarmed Combat
 + Level 7.9 Spellcasting
 + Level 7.6 Transmutations
 + Level 3.7 Ice Magic
 * Level 3.5 Evocations


You had 15 spell levels left.
You knew the following spells:

 Your Spells              Type           Power      Damage    Failure   Level
a - Beastly Appendage     Tmut           56%        N/A       1%          1
b - Wereblood             Tmut           28%        N/A       1%          2
c - Ice Form              Ice/Tmut       22%        N/A       12%         4

Your spell library contained the following spells:

 Spells                   Type           Power      Damage    Failure   Level
 Spider Form              Tmut/Pois      17%        N/A       8%          3
 Sublimation of Blood     Necr           5%         N/A       19%         2
 Summon Hydra             Summ           2%         N/A       100%        7


Dungeon Overview and Level Annotations

Branches:
Dungeon (1/1)

Altars:
Cheibriados
Dithmenos
Elyvilon
Fedhas
Gozag
Hepliaklqana
Kikubaaqudgha
Makhleb
Nemelex Xobeh
Okawaru
Qazlal
Ru
Sif Muna
Trog
Uskayaw
Vehumet
Wu Jian
Xom
Yredelemnul
Zin
The Shining One
Jiyva
Lugonu

Shops:
D [


Innate Abilities, Weirdness & Mutations

You are a creature of crystalline ice.
You have a powerful freezing melee attack.
You are amphibious.
Your maximum health is increased.
Your armour is entirely melded.
You are incapable of wielding weapons or throwing items.
((You can breathe blasts of fire.))
((Your fiery red scales are hard. (AC +6)))
You cannot fit into any form of body armour.
((Your flesh is heat resistant. (rF+)))
((You are cold-blooded and may be slowed by cold attacks.))


Message History

An orc knight is nearby!
Casting: Ice Form (dangerous; 12% risk of failure)
Confirm with . or Enter, or press ? or * to list all spells.
You turn into a creature of crystalline ice.
Your +0 cloak melds into your body.
Casting: Ice Form (dangerous; 12% risk of failure)
Confirm with . or Enter, or press ? or * to list all spells.
Your blood is infused with primal strength.
The orc knight hits you with a +1 war axe!!
You hit the orc knight. You freeze the orc knight.
The orc knight is lightly wounded.
You hit the orc knight. You freeze the orc knight.
The orc knight is lightly wounded.
The orc knight hits you with a +1 war axe!
You hit the orc knight but do no damage.
The orc knight is lightly wounded.
The orc knight hits you with a +1 war axe!!
* * * LOW HITPOINT WARNING * * *
You punch the orc knight! You freeze the orc knight.
The orc knight is moderately wounded.
You punch the orc knight! You freeze the orc knight.
The orc knight is heavily wounded.
The orc knight completely misses you.
You hit the orc knight but do no damage.
The orc knight is heavily wounded.
The orc knight barely misses you.
You hit the orc knight. You freeze the orc knight.
The orc knight is heavily wounded.
The orc knight hits you with a +1 war axe.
* * * LOW HITPOINT WARNING * * *
You punch the orc knight! You freeze the orc knight.
The orc knight is severely wounded.
You hit the orc knight. You freeze the orc knight.
The orc knight is severely wounded.
The orc knight hits you with a +1 war axe!
* * * LOW HITPOINT WARNING * * *
You hit the orc knight but do no damage.
The orc knight is severely wounded.
The orc knight hits you with a +1 war axe!
You die...

▓▓▓▓▓▓▓▓▓▓▓▓▓ ▓▓
▓<.#..'...♣.♣♣ ♣.
▓Y.#..#....♣.♣ ♣.
▓#o####.....♣ ♣♣.
▓.....#....~♣♣♣♣..
▓.....#...~~♣.♣...
▓.....#..~~~~.....
▓####'#).~≈≈~~~.♣.
▓.....#.~~≈~~~....
▓....)#.~≈~~~.....
▓.....#.~~~.......


You could see an orc knight.

Vanquished Creatures
  Josephine (D)
  A deep elf pyromancer (D)
  A shadow (D)
  A spatial vortex (D)
  A necrophage (D)
  A water elemental (D)
  A jelly (D)
  Crazy Yiuf (D)
  Jessica (D)
  A wizard (D)
  2 orc wizards (D)
  A necromancer (D)
  3 humans (D)
  A kobold demonologist (D)
  An orc (D)
  2 endoplasms (D)
  A rat (D)
21 creatures vanquished.

Notes
Turn   | Place    | Note
-------+----------+-------------------------------------------
     0 | D        | rocky1 the Draconian Transmuter began the quest for the
                  | Orb.
     0 | D        | Reached XP level 1. HP: 16/16 MP: 3/3
   144 | D        | Noticed Jessica
   152 | D        | Killed Jessica
   153 | D        | Reached skill level 5 in Unarmed Combat
   153 | D        | Reached XP level 2. HP: 12/23 MP: 2/5
   153 | D        | Reached XP level 3. HP: 14/28 MP: 2/7
   441 | D        | Learned a level 2 spell: Wereblood
   454 | D        | Noticed Crazy Yiuf
   462 | D        | Killed Crazy Yiuf
   463 | D        | Reached skill level 6 in Unarmed Combat
   482 | D        | Reached skill level 7 in Unarmed Combat
   482 | D        | Reached XP level 4. HP: 34/35 MP: 6/8
   537 | D        | Learned a level 4 spell: Ice Form
  1883 | D        | Noticed a water elemental
  1888 | D        | Killed a water elemental
  1889 | D        | Reached skill level 1 in Stealth
  1889 | D        | Reached skill level 8 in Unarmed Combat
  1893 | D        | Found a radiant altar of Vehumet.
  1893 | D        | Found a shimmering blue altar of Sif Muna.
  1893 | D        | Found an ancient bone altar of Kikubaaqudgha.
  1893 | D        | Noticed a wizard
  1895 | D        | Killed a wizard
  1896 | D        | Reached skill level 1 in Ice Magic
  1896 | D        | Reached XP level 5. HP: 40/40 MP: 5/11
  1898 | D        | Reached skill level 9 in Unarmed Combat
  1907 | D        | Became a worshipper of Sif Muna the Loreminder
  1918 | D        | Found a glowing silver altar of Zin.
  1918 | D        | Found a glowing golden altar of the Shining One.
  1918 | D        | Found a white marble altar of Elyvilon.
  1919 | D        | Noticed a deep elf pyromancer
  1922 | D        | Killed a deep elf pyromancer
  1923 | D        | Reached skill level 11 in Unarmed Combat
  1923 | D        | Reached skill level 5 in Transmutations
  1923 | D        | Reached XP level 6. HP: 48/48 MP: 4/15
  1923 | D        | Your scales start taking on a fiery red colour.
  1923 | D        | Reached XP level 7. HP: 55/55 MP: 4/16
  1923 | D        | Gained mutation: Your flesh is heat resistant. (rF+) [Red
                  | Draconian growth]
  1933 | D        | Found a hide-covered altar of Uskayaw.
  1933 | D        | Found an iron altar of Okawaru.
  1933 | D        | Found a bloodstained altar of Trog.
  1933 | D        | Found an ornate altar of the Wu Jian Council.
  1933 | D        | Noticed a human
  1933 | D        | Noticed a human
  1938 | D        | Killed a human
  1939 | D        | Reached skill level 12 in Unarmed Combat
  1942 | D        | Killed a human
  1942 | D        | Reached * piety under Sif Muna
  1960 | D        | Found a basalt altar of Yredelemnul.
  1960 | D        | Found a shadowy altar of Dithmenos.
  1960 | D        | Found a sacrificial altar of Ru.
  2195 | D        | Noticed a shadow
  2199 | D        | Killed a shadow
  2199 | D        | Reached ** piety under Sif Muna
  2200 | D        | Reached skill level 13 in Unarmed Combat
  2200 | D        | Reached XP level 8. HP: 62/62 MP: 12/18
  2208 | D        | Found a blossoming altar of Fedhas.
  2208 | D        | Found a stormy altar of Qazlal.
  2208 | D        | Found a snail-covered altar of Cheibriados.
  2208 | D        | Found a burning altar of Makhleb.
  2208 | D        | Found a shimmering altar of Xom.
  2209 | D        | Found a hazy altar of Hepliaklqana.
  2209 | D        | Found an opulent altar of Gozag.
  2209 | D        | Found a sparkling altar of Nemelex Xobeh.
  2209 | D        | Found a corrupted altar of Lugonu.
  2209 | D        | Found a viscous altar of Jiyva.
  2234 | D        | Noticed Josephine
  2247 | D        | Killed Josephine
  2248 | D        | Reached skill level 14 in Unarmed Combat
  2410 | D        | Found Saammyill's Armour Emporium.
  2410 | D        | Noticed an orc knight
  2410 | D        | Noticed an orc knight
  2412 | D        | Reached *** piety under Sif Muna
  2420 | D        | Noticed an orc high priest
  2421 | D        | HP: 1/74 [orc high priest/divine providence (14)]
  2626 | D        | Slain by an orc knight

Illustrated notes

Levels and vault maps discovered:
D:        dungeon_sprint_mu [sprint_mu_entry_forest, sprint_mu_temple_rooms,
          sprint_mu_d1_horrors, sprint_mu_d2_genie, sprint_mu_d3_branching,
          sprint_mu_orc_legion, sprint_mu_elf_gauntlet, sprint_mu_hive_nellie,
          sprint_mu_lair_fedhas, sprint_mu_vaults_butterflies,
          sprint_mu_slime_circle, sprint_mu_swamp_cave, sprint_mu_snake_twists,
          sprint_mu_blade_basic, sprint_mu_crypt_lich, sprint_mu_tomb_spiral,
          sprint_mu_vestibule_basic, sprint_mu_gehenna_hellfire,
          sprint_mu_dis_giant, sprint_mu_tartarus_statrot,
          sprint_mu_cocytus_islands, sprint_mu_zot1]

Skill      XL: |  1  2  3  4  5  6  7  8 |
---------------+-------------------------+-----
Dodging        | 2 3 4 |  4.6
Unarmed Combat | 5 7 8 11 13 14 | 14.4
Spellcasting   | 3 4 6 7 |  7.9
Transmutations | 3 4 5 6 7 |  7.6
Stealth        | 1 2 3 4 |  4.1
Ice Magic      | 1 2 3 |  3.7
Fighting       | 2 |  2.5
Evocations     | 3 |  3.5

Action                     |  1- 3 |  4- 6 |  7- 9 || total
---------------------------+-------+-------+-------++-------
  Melee: Unarmed           |    25 |    10 |    42 ||    77
         Headbutt          |     4 |       |       ||     4
         Kick              |     8 |       |       ||     8
         Tailslap          |     4 |       |       ||     4
   Cast: Beastly Appendage |     3 |       |       ||     3
         Wereblood         |     1 |       |     3 ||     4
         Ice Form          |       |     2 |     5 ||     7
Ability: Breathe Fire      |       |       |     1 ||     1
    Use: Potion            |       |       |     3 ||     3
         Scroll            |       |       |     1 ||     1
   Stab: Sleeping          |     1 |       |     2 ||     3
 Armour: Skin              |     7 |     1 |     3 ||    11
  Dodge: Dodged            |    10 |     3 |    12 ||    25

Table legend: (Time is in decaauts)
 A = Elapsed time spent in this place.
 B = Non-inter-level travel time spent in this place.
 C = Inter-level travel time spent in this place.
 D = Time resting spent in this place.
 E = Time spent auto-exploring this place.
 F = Levels seen in this place.
 G = Mean time per level.
                   A        B        C        D        E       F      G
               +--------+--------+--------+--------+--------+-----+--------+
         Total |   2593 |   2593 |      0 |   2236 |      0 |   1 | 2593.0 |
       Dungeon |   2593 |   2593 |      0 |   2236 |      0 |   1 | 2593.0 |
               +--------+--------+--------+--------+--------+-----+--------+

Top non-repeatable levels by time:
       D: 2593 daAuts
